 Dungeon Crawl Stone Soup version 0.24-a0-181-gd121a6d (console) character file.

Game seed: 9559718966391704373

39 Duffy the Insei (level 3, -1/23 HPs)
             Began as an Octopode Transmuter on Mar 14, 2019.
             Slain by a gnoll
             ... wielding a +2 vampiric halberd
              (17 damage)
             ... on level 1 of the Dungeon.
             The game lasted 00:01:23 (1494 turns).

Duffy the Insei (Octopode Transmuter)               Turns: 1494, Time: 00:01:23

Health: -1/23      AC:  2    Str:  9    XL:     3   Next: 47%
Magic:  3/6        EV: 19    Int: 19    God:
Gold:   30         SH:  0    Dex: 17    Spells: 1/7 levels left

rFire    . . .     SeeInvis +     - Unarmed
rCold    . . .     Gourm    +   (shield currently unavailable)
rNeg     . . .     Faith    .   (helmet currently unavailable)
rPois    x         Spirit   .   k - amulet of the gourmand
rElec    .         Reflect  .   e - ring of see invisible
rCorr    .         Harm     .   m - +3 ring of intelligence
MR       .....                  (no ring)
Stlth    ++........             (no ring)
HPRegen  0.07/turn              (no ring)
MPRegen  0.10/turn              (no ring)
                                (no ring)
                                (no ring)

@: spider-form
A: tiny, almost no armour, stealthy swim, (amphibious), 8 rings, (constrict 8)
a: End Transformation


You were on level 1 of the Dungeon.
You were not hungry.
You were a venomous arachnid creature.
You visited 1 branch of the dungeon, and saw 2 of its levels.

You collected 30 gold pieces.

Inventory:

Missiles
 a - 50 arrows
Armour
 g - a +0 shield
Jewellery
 e - a ring of see invisible (left front leg)
 k - an amulet of the gourmand (around neck)
 m - a +3 ring of intelligence (right front leg)
Scrolls
 d - a scroll of amnesia {unknown}
 f - a scroll of remove curse {unknown}
 i - a scroll of magic mapping {unknown}
 l - a scroll of enchant weapon {unknown}
Potions
 h - a potion of haste {unknown}
 j - a potion of heal wounds {unknown}
Comestibles
 c - 3 rations


   Skills:
 - Level 1.0 Fighting
 - Level 2.0 Dodging
 + Level 3.4 Unarmed Combat
 + Level 2.5 Spellcasting
 + Level 2.6 Transmutations
 + Level 0.5 Poison Magic


You had one spell level left.
You knew the following spells:

 Your Spells              Type           Power        Failure   Level  Hunger
h - Spider Form           Tmut/Pois      #.........   47%         3    ###....
j - Sticks to Snakes      Tmut           ##......     22%         2    ##.....
k - Beastly Appendage     Tmut           ##....       16%         1    #......

Your spell library contained the following spells:

 Spells                   Type           Power        Failure   Level  Hunger
 Ice Form                 Ice/Tmut       #.......     85%         4    #####..
 Blade Hands              Tmut           ##........   94%         5    ######.


Dungeon Overview and Level Annotations

Branches:
Dungeon (2/15)

Altars:


Innate Abilities, Weirdness & Mutations

You cannot wear most types of armour.
You are very stealthy in the water. (Stealth+)
((You are amphibious.))
You can wear up to eight rings at the same time.
((You can use your tentacles to constrict eight enemies at once.))
((Your skin changes colour to match your surroundings (Stealth+).))
((Your rubbery body absorbs attacks. (AC +1, EV +1)))


Message History

A gnoll comes into view. It is wielding a +2 vampiric halberd.
A gnoll is nearby!
A gnoll is nearby!
Cast which spell? (? or * to list)
You turn into a venomous arachnid creature.
The gnoll shouts!
Unknown command.
A goblin comes into view. It is wielding a +0 club.
The gnoll misses you.
The goblin shouts!
The gnoll closely misses you.
You hit the gnoll but do no damage.
The gnoll is poisoned.
The gnoll hits you with a +2 vampiric halberd!
You hit the gnoll.
The gnoll looks as sick as possible!
The gnoll is heavily wounded.
You hit the gnoll but do no damage.
The gnoll looks as sick as possible!
The gnoll is severely wounded.
The gnoll hits you with a +2 vampiric halberd!
Ouch! That really hurt!
You die...

#.# #.# #.#
#.# #.# #.#
#.# #.# #.#
#.# #.# #.#
#.#######.#
#.....sgg.#
#.#########
#.# ###


You could see a gnoll and a goblin.

Vanquished Creatures
  A gnoll (D:1)
  A dart slug (D:1)
  2 leopard geckos (D:1)
  2 giant cockroaches (D:1)
  5 goblins (D:1)
  3 hobgoblins (D:1)
  2 bats (D:1)
  5 frilled lizards (D:1)
  2 kobolds (D:1)
  3 rats (D:1)
26 creatures vanquished.

Notes
Turn   | Place    | Note
-------+----------+-------------------------------------------
     0 | D:1      | Duffy the Octopode Transmuter began the quest for the Orb.
     0 | D:1      | Reached XP level 1. HP: 13/13 MP: 3/3
   161 | D:1      | Reached XP level 2. HP: 7/18 MP: 5/5
   375 | D:1      | Learned a level 2 spell: Sticks to Snakes
   976 | D:1      | Reached XP level 3. HP: 9/23 MP: 6/6
  1180 | D:2      | Learned a level 3 spell: Spider Form
  1494 | D:1      | Slain by a gnoll

Levels and vault maps discovered:
D:1:      minmay_arrival_floating_metal, layout_basic, minmay_misc_feat_encased
D:2:      layout_loops_cross, nicolae_ru_the_path_less_chosen,
          minmay_goblin_kobold_house

Action                   || total
-------------------------++-------
Melee: Unarmed           ||    70
       Constrict         ||    17
       Tentacles         ||     9
       Punch             ||     1
 Cast: Spider Form       ||     2
 Stab: Sleeping          ||     9
  Eat: Chunk             ||    11
Armor: Skin              ||     6
Dodge: Dodged            ||    36

Table legend:
 A = Non-vault XP
 B = Vault XP
 C = Vault XP percentage of total XP
 D = Non-vault monster count
 E = Vault monster count
 F = Vault count percentage of total count
                 A         B        C        D         E       F
            +---------+---------+-------+---------+---------+-------
      Total |      57 |       0 |   0.0 |      26 |       0 |   0.0
            +---------+---------+-------+---------+---------+-------
        D:1 |      57 |       0 |   0.0 |      26 |       0 |   0.0
            +---------+---------+-------+---------+---------+-------
